Map: Eastwatch LE

Players

Spacely - Winner!

  • Race: Protoss Protoss
  • League: Diamond
  • Spawn Location: 7:00

chasingMango

  • Race: Zerg Zerg
  • League: Diamond
  • Spawn Location: 1:00

VOD

Have the link to the VOD?

Description

This is the second time in a row I faced this opponent, and they killed me with the same build. I defended slightly better the second time, but was still fairly overwhelmed. Not sure exactly why.

Time

  • Played on: March 24, 2018, 8:25 p.m.
  • Length: 8:00
Show
View Real Time Build Order
Export as new Build Order

Spacely Protoss - Winner!

Build Orders: 1 Gate Expand, Phoenix Opening 

Get SALT Encoding   

  12  0:02  Probe  
  13  0:14  Probe  
  14  0:19  Pylon  
  14  0:26  Probe  
  15  0:38  Probe (Chrono Boost)  
  15  0:40  Gateway  
  16  0:49  Probe (Chrono Boost)  
  17  0:51  Assimilator  
  17  0:54  Probe (Chrono Boost)  
  18  1:04  Probe (Chrono Boost)  
  19  1:15  Probe (Chrono Boost)  
  20  1:34  Nexus  
  20  1:40  Cybernetics Core  
  20  1:44  Probe  
  21  1:51  Assimilator  
  21  1:56  Pylon  
  21  1:59  Probe  
  22  2:11  Probe  
  23  2:17  Adept (Chrono Boost)  
  23  2:21  Stargate  
  25  2:27  Probe  
  26  2:33  Warp Gate  
  26  2:39  Probe, Adept (Chrono Boost)  
  29  2:51  Probe  
  30  2:53  Probe  
  31  3:03  Pylon, Probe  
  33  3:05  Probe  
  33  3:07  Phoenix (Chrono Boost)  
  34  3:17  Probe  
  35  3:23  Probe  
  37  3:34  Probe (Chrono Boost)  
  37  3:35  Probe (Chrono Boost)  
  38  3:42  Twilight Council  
  38  3:47  Probe (Chrono Boost)  
  38  3:52  Probe (Chrono Boost)  
  39  3:55  Probe (Chrono Boost)  
  39  3:59  Probe (Chrono Boost), Robotics Facility  
  39  4:02  Probe  
  40  4:03  Sentry  
  40  4:09  Shield Battery  
  43  4:11  Shield Battery  
  43  4:16  Charge (Chrono Boost)  
  43  4:23  Probe  
  44  4:25  Probe  
  45  4:34  Pylon  
  45  4:41  Gateway  
  45  4:44  Gateway  
  45  4:46  Gateway x2  
  45  4:47  Gateway  
  45  4:52  Warp Prism (Chrono Boost)  
  47  5:06  Shield Battery  
  47  5:27  Gateway  
  47  5:29  Gateway  
  47  5:37  Zealot  
  49  5:43  Pylon, Zealot x4  
  49  5:44  Zealot  
  49  5:45  Pylon  
  59  5:56  Assimilator  
  59  5:59  Assimilator  
  59  6:01  Immortal  
  63  6:24  Zealot x2  
  63  6:25  Zealot x4  
  75  6:30  Pylon x2  
  75  6:37  Stalker  
  77  6:41  Pylon x2  
  77  6:50  Pylon  
  77  6:52  Pylon  
  77  7:00  Stalker x2  
  77  7:01  Stalker x3  
  85  7:02  Sentry x3  
  93  7:14  Warp Prism  
  95  7:24  Zealot x3, Stalker  
  95  7:25  Stalker  
  95  7:26  Stalker  
  95  7:29  Zealot, Sentry  
  111  7:49  Zealot  
  111  7:50  Zealot x4  
  111  7:52  Zealot  
Show
View Real Time Build Order
Export as new Build Order

chasingMango Zerg 

Build Orders: Hatch First 

Get SALT Encoding   

  12  0:01  Drone  
  13  0:12  Overlord  
  13  0:16  Drone  
  14  0:31  Drone x2  
  14  0:34  Drone  
  17  0:54  Hatchery  
  17  0:56  Drone  
  17  1:14  Spawning Pool  
  16  1:20  Drone  
  17  1:41  Drone  
  17  1:44  Drone  
  17  1:45  Hatchery  
  18  1:48  Drone  
  19  1:54  Overlord  
  19  2:03  Drone  
  19  2:08  Queen  
  20  2:13  Drone  
  20  2:14  Drone  
  24  2:23  Queen  
  24  2:25  Drone  
  24  2:28  Drone  
  28  2:34  Drone  
  28  2:36  Drone  
  30  2:38  Drone  
  31  2:44  Queen  
  31  2:47  Overlord  
  33  2:58  Queen  
  35  3:00  Queen  
  37  3:06  Drone x3  
  37  3:09  Extractor  
  37  3:10  Extractor  
  38  3:19  Extractor  
  37  3:45  Drone x2  
  37  3:46  Drone  
  37  3:47  Drone x2  
  42  3:48  Overlord x3  
  42  3:49  Overlord x3  
  42  4:06  Roach Warren  
  42  4:08  Spore Crawler  
  40  4:11  Spore Crawler  
  39  4:17  Lair  
  39  4:26  Queen  
  41  4:31  Drone x2  
  41  4:32  Drone x4  
  47  4:40  Overlord  
  47  4:47  Roach x2  
  51  4:58  Roach x3  
  51  4:59  Roach  
  59  5:02  Drone x2  
  59  5:04  Drone  
  62  5:07  Drone  
  62  5:08  Drone  
  64  5:20  Roach x3  
  70  5:24  Glial Reconstitution  
  70  5:26  Spore Crawler  
  69  5:30  Evolution Chamber  
  69  5:33  Roach x2  
  72  5:52  Roach x7  
  86  6:14  Hydralisk Den  
  86  6:17  Evolution Chamber  
  84  6:21  Overseer x2  
  84  6:28  Zergling x6  
  84  6:30  Metabolic Boost  
  84  6:32  Drone  
  88  6:45  Roach  
  90  6:47  Overlord x6  
  90  6:48  Overlord  
  88  7:08  Zergling x14  
  92  7:12  Drone x2  
  92  7:14  Drone, Extractor  
  96  7:15  Drone  
  96  7:18  Drone  
  96  7:22  Roach x3  
  98  7:39  Ravager x3  
  98  7:47  Extractor  
  98  7:49  Extractor  
Tags
 
Add a new tag
Caveats
  • Supply blocks, unpowered buildings, or Contaminate may cause inaccurate times.
  • Supply counts are checked every 10 seconds.